 Dungeon Crawl Stone Soup version 0.28.0 (webtiles) character file.

Game seed: 13436358599018359976

5327 ragingrage the Severer (level 10, -3/96 HPs)
             Began as a Minotaur Berserker on Feb 7, 2022.
             Was a Believer of Trog.
             Slain by a death yak (7 damage)
             ... on level 8 of the Dungeon.
             The game lasted 00:05:42 (8584 turns).

ragingrage the Severer (Minotaur Berserker)         Turns: 8584, Time: 00:05:42

Health: -3/96      AC: 11    Str: 27    XL:     10   Next: 38%
Magic:  9/9        EV: 10    Int:  4    God:    Trog [**....]
Gold:   288        SH:  0    Dex:  9    Spells: 9/9 levels left

rFire   . . .      SeeInvis .   a - +1 war axe (freeze)
rCold   . . .      Faith    .   (no shield)
rNeg    . . .      Spirit   .   c - +0 scale mail
rPois   .          Reflect  .   (helmet restricted)
rElec   .          Harm     .   (no cloak)
rCorr   .          Rampage  .   w - +0 pair of gloves
Will    .....                   (no boots)
Stlth   ..........              z - amulet of regeneration
HPRegen 1.06/turn               u - +4 ring of protection
MPRegen 0.11/turn               (no ring)

@: on berserk cooldown, slowed, very slow
A: horns 2, retaliatory headbutt
a: Renounce Religion, Berserk, Trog's Hand


You were on level 8 of the Dungeon.
You worshipped Trog.
Trog was pleased with you.
You visited 1 branch of the dungeon, and saw 9 of its levels.

You collected 288 gold pieces.

Inventory:

Hand Weapons
 a - a +1 war axe of freezing (weapon)
Missiles
 B - a throwing net (quivered)
Armour
 c - a +0 scale mail (worn)
 w - a +0 pair of gloves (worn)
Jewellery
 b - a ring of ice
 u - a +4 ring of protection (left hand)
 z - an amulet of regeneration (around neck)
Wands
 j - a wand of iceblast (9)
Scrolls
 d - 3 scrolls of fog
 g - 3 scrolls of teleportation
 n - a scroll of vulnerability {unknown}
 o - 3 scrolls of enchant weapon {unknown}
 r - a scroll of identify
 s - 2 scrolls of noise {unknown}
 v - a scroll of holy word {unknown}
 y - a scroll of immolation {unknown}
Potions
 e - 3 potions of might {unknown}
 f - 3 potions of lignification {unknown}
 i - a potion of cancellation {unknown}
 k - a potion of brilliance {unknown}
 l - a potion of heal wounds {unknown}
 m - 3 potions of flight
 p - a potion of degeneration {unknown}
 q - 2 potions of mutation
 t - 2 potions of curing
 x - 3 potions of attraction
 A - a potion of resistance {unknown}


   Skills:
 + Level 11.3 Fighting
 * Level 15.2 Axes
 - Level 2.4 Armour
 - Level 2.1 Dodging


You had 9 spell levels left.
You didn't know any spells.
Your spell library was empty.

Dungeon Overview and Level Annotations

Branches:
Dungeon (9/15)             Temple (0/1) D:4            Lair (0/6) D:9
    Orc: D:9-12

Altars:
Trog
Xom

Shops:
D:1 !*   D:4 (

Annotations:
D:5 exclusion: downstairs


Innate Abilities, Weirdness & Mutations

You have a pair of horns on your head.
You reflexively headbutt those who attack you in melee.


Message History

The death yak gores you but does no damage.
You feel better. The orc warrior misses you. The death yak gores you!!
The death yak barely misses you.
There is a stone staircase leading up here.
Something hits you but does no damage. The death yak barely misses you.
You climb upwards.
Reactivating autopickup.
There is a stone staircase leading down here.
A red film seems to cover your vision as you go berserk!
You feel yourself moving faster!
You feel mighty!
You hear some strange, mumbled words.
Deactivating autopickup; reactivate with Ctrl-A.
You are confused.
The death yak gores you!!
You bump into the rock wall.
You feel a strong urge to attack something.
Something hits you but does no damage.
You're too confused to move!
The death yak gores you!
You bump into the rock wall.
You feel your anger nearly subside.
You are no longer berserk.
You are exhausted.
You feel yourself slow down. Something hits you but does no damage.
The death yak closely misses you.
You slice the death yak!! You freeze the death yak! You headbutt the death yak.
The death yak is heavily wounded.
You miss something. Something hits you but does no damage.
The death yak gores you!
* * * LOW HITPOINT WARNING * * *
The death yak barely misses you. Something hits you but does no damage.
Okay, then.
You are too confused!
You feel better. The death yak gores you!!
* * * LOW HITPOINT WARNING * * *
Something hits you but does no damage. The death yak barely misses you.
Unknown command.
As you read the scroll of fear, it crumbles to dust.
You assume a fearsome visage.
The death yak resists with almost no effort.
The death yak gores you!
You die...

###### #######
#######....# #.@>..#
##### ..#...#....#
#.Y...# #.>..
..#...#....# #.....#
#....
..#...#....####.....#
###'#
..##..#####.........#####
#....
..##..##..'.............#
#....
...#...#..#........(....#
#....
...#...#..#.............#
#....
...#...#..#....#####....#
##'##


You could see a death yak.

Vanquished Creatures
  A two-headed ogre (D:6)
  Psyche (D:8)
  A troll (D:6)
  Grinder (D:6)
  3 slime creatures (D:8)
  A wyvern (D:5)
  3 yaks (D:8)
  A steam dragon (D:7)
  4 orc warriors
  2 black bears
  2 ice beasts
  2 centaurs
  3 ogres
  2 phantoms
  Blork the orc (D:6)
  2 bullfrogs (D:8)
  A scorpion (D:7)
  4 killer bees (D:8)
  A howler monkey (D:4)
  3 wights (D:7)
  2 bullfrog zombies
  2 centaur zombies (D:8)
  2 jellies
  A centaur skeleton (D:5)
  4 orc priests
  3 hounds
  5 iguanas
  2 gnoll shamans
  An orc wizard (D:7)
  A hound zombie (D:5)
  2 hound skeletons (D:5)
  9 gnolls
  7 adders
  2 white imps
  A worm (D:2)
  3 dart slugs
  29 orcs
  6 ball pythons
  6 endoplasms
  3 giant cockroaches
  3 goblins
  4 hobgoblins
  6 jackals
  5 quokkas
  3 frilled lizards
  2 kobolds
  2 rats (D:1)
155 creatures vanquished.

Notes
Turn   | Place    | Note
-------+----------+-------------------------------------------
     0 | D:1      | ragingrage the Minotaur Berserker began the quest for the
                  | Orb.
     0 | D:1      | Reached XP level 1. HP: 19/19 MP: 0/0
   532 | D:1      | Found Owunarim's Distillery.
   596 | D:1      | Reached skill level 4 in Axes
   620 | D:1      | Found Uffugooh's General Store.
   836 | D:1      | Reached XP level 2. HP: 27/27 MP: 1/1
  1356 | D:2      | Reached XP level 3. HP: 32/33 MP: 2/2
  1399 | D:2      | Found a shimmering altar of Xom.
  2281 | D:3      | Reached skill level 5 in Axes
  3022 | D:4      | Reached XP level 4. HP: 41/41 MP: 3/3
  3090 | D:4      | Reached skill level 6 in Axes
  3106 | D:4      | Reached XP level 5. HP: 47/47 MP: 4/4
  3107 | D:4      | Reached ** piety under Trog
  3225 | D:4      | Reached skill level 5 in Fighting
  3324 | D:4      | Found a bloodstained altar of Trog.
  3425 | D:4      | Noticed an ogre
  3430 | D:4      | Killed an ogre
  3630 | D:4      | Reached skill level 7 in Axes
  3630 | D:4      | Reached XP level 6. HP: 51/56 MP: 5/5
  3740 | D:4      | Found Fotol's Weapon Shoppe.
  3947 | D:4      | Found a staircase to the Ecumenical Temple.
  3976 | D:5      | Entered Level 5 of the Dungeon
  4603 | D:5      | Noticed a wyvern
  4619 | D:5      | Killed a wyvern
  4620 | D:5      | Reached skill level 8 in Axes
  4620 | D:5      | Reached XP level 7. HP: 49/64 MP: 6/6
  4626 | D:5      | Reached skill level 9 in Axes
  5404 | D:6      | Reached XP level 8. HP: 73/73 MP: 7/7
  5480 | D:6      | Noticed Grinder
  5483 | D:6      | Noticed a troll
  5484 | D:6      | Paralysed by Grinder for 4 turns
  5501 | D:5      | Reached skill level 10 in Axes
  5793 | D:7      | Reached skill level 11 in Axes
  5828 | D:6      | Killed a troll
  5891 | D:6      | Killed Grinder
  6101 | D:6      | Noticed a two-headed ogre
  6109 | D:6      | Killed a two-headed ogre
  6110 | D:6      | Reached skill level 12 in Axes
  6110 | D:6      | Reached XP level 9. HP: 84/84 MP: 8/8
  6627 | D:6      | Noticed Blork the orc
  6637 | D:6      | Killed Blork the orc
  6755 | D:7      | Reached skill level 13 in Axes
  7116 | D:7      | Reached skill level 10 in Fighting
  7728 | D:8      | Reached skill level 14 in Axes
  7817 | D:8      | Reached XP level 10. HP: 85/94 MP: 9/9
  7927 | D:8      | Noticed Psyche
  7951 | D:8      | Killed Psyche
  7952 | D:8      | Reached skill level 15 in Axes
  8553 | D:9      | Found a staircase to the Lair.
  8553 | D:9      | Noticed a death yak
  8553 | D:9      | Noticed a death yak
  8555 | D:9      | Noticed a death yak
  8556 | D:9      | Noticed a death yak
  8556 | D:9      | Noticed a death yak
  8583 | D:8      | HP: 3/96 [death yak (25)]
  8584 | D:8      | Slain by a death yak

Illustrated notes

Levels and vault maps discovered:
D:1:      minmay_arrival_solitary_statue, layout_loops_corners, serial_shops,
          shop, nicolae_square_shop
D:2:      layout_basic, basic_altar
D:3:      layout_basic, minivault_27
D:4:      layout_gridville, old_standard_altar,
          minmay_temple_entry_drinking_statues, serial_shops,
          nicolae_stop_n_shop_1, hangedman_abyss_or_decor_passed
D:5:      layout_loops_corners, st_stairs_1, minmay_pentangle
D:6:      layout_rooms, uniq_grinder, uniq_blork_the_orc
D:7:      layout_layer_cave, serial_glass, glass_columns_a, glass_columns_b,
          glass_columns_b, glass_columns_c, glass_columns_b
D:8:      layout_gridville, uniq_psyche
D:9:      layout_basic, dpeg_lair_monsters

Skill      XL: |  1  2  3  4  5  6  7  8  9 10 |
---------------+-------------------------------+-----
Axes           | 4 5 6 7 8 9 12 14 15 | 15.2
Fighting       | 4 5 6 7 9 10 11 | 11.3
Armour         | |  2.4
Dodging        | |  2.1

Action                   |  1- 3 |  4- 6 |  7- 9 | 10-12 || total
-------------------------+-------+-------+-------+-------++-------
Melee: Hand axe          |    83 |    96 |   120 |       ||   299
       Headbutt          |    15 |    13 |    35 |    10 ||    73
       Punch             |     1 |     1 |     1 |     1 ||     4
       Whip              |       |       |    43 |       ||    43
       War axe           |       |       |    27 |    68 ||    95
       Unarmed           |       |       |       |     4 ||     4
Invok: Berserk           |       |     4 |    13 |     4 ||    21
  Use: Scroll            |       |     4 |       |     5 ||     9
       Potion            |       |       |       |     2 ||     2
Armor: Scale mail        |    22 |    35 |    75 |    38 ||   170
Dodge: Dodged            |    37 |    38 |    67 |    23 ||   165
